 Dungeon Crawl Stone Soup version 0.30-a0-776-g08fbeb92c1 (console) character file.

Game seed: 1565872099344412931

44 Ignak the Ogre Mage (level 3, -1/33 HPs)
             Began as an Ogre Hedge Wizard on Feb 13, 2023.
             Slain by an orc wizard
             ... wielding a +0 dagger
              (2 damage)
             ... on level 4 of the Dungeon.
             The game lasted 00:04:03 (1854 turns).

Ignak the Ogre Mage (Ogre Hedge Wizard)             Turns: 1854, Time: 00:04:04

Health: -1/33      AC:  3    Str: 16    XL:     3   Next: 62%
Magic:  0/8        EV:  9    Int: 15    God:
Gold:   123        SH:  0    Dex:  8    Spells: 1/9 levels left

rFire   . . .      SeeInvis .    l - staff of air
rCold   . . .      Faith    .    (no shield)
rNeg    . . .      Spirit   .    b - +0 robe
rPois   .          Reflect  .    c - +0 hat
rElec   +          Harm     .    (no cloak)
rCorr   .          Rampage  .    (gloves unavailable)
Will    .....                    (boots unavailable)
Stlth   +                        (no amulet)
HPRegen 0.25/turn                (no ring)
MPRegen 0.11/turn                (no ring)

@: confused
A: large, unfitting armour, tough skin 1
a: no special abilities


You were on level 4 of the Dungeon.
You visited 1 branch of the dungeon, and saw 4 of its levels.

You collected 123 gold pieces.

Inventory:

Missiles
 j - 4 poisoned darts (quivered)
Armour
 b - a +0 robe (worn)
 c - a +0 hat (worn)
Magical Staves
 l - a staff of air (weapon)
Wands
 i - a wand of roots (10)
Scrolls
 a - a scroll of teleportation
 f - a scroll of magic mapping
Potions
 e - 2 potions of curing {unknown}
 h - a potion of lignification {unknown}
 k - a potion of brilliance {unknown}
 m - a potion of cancellation {unknown}


   Skills:
 + Level 1.6 Fighting
 + Level 0.5 Maces & Flails
 + Level 0.5 Armour
 + Level 2.1 Dodging
 - Level 1.4 Stealth
 + Level 3.8 Spellcasting
 + Level 1.2 Conjurations
 - Level 0.8 Summonings
 + Level 1.3 Translocations
 + Level 0.1 Air Magic
 + Level 0.1 Poison Magic


You had one spell level left.
You knew the following spells:

 Your Spells              Type           Power      Damage    Failure   Level
a - Magic Dart            Conj           24%        1d4       11%         1
b - Blink                 Tloc           14%        N/A       16%         2
c - Mephitic Cloud        Conj/Pois/Air  6%         N/A       41%         3
e - Call Imp              Summ           5%         N/A       21%         2

Your spell library contained the following spells:

 Spells                   Type           Power      Damage    Failure   Level
 Slow                     Hex            8%         N/A       19%         1
 Cigotuvi's Dreadful Rot  Necr/Pois/Air  8%         N/A       26%         2
 Ozocubu's Armour         Ice            2%         N/A       50%         3
 Ozocubu's Refrigeration  Ice            1%         4d7       100%        7


Dungeon Overview and Level Annotations

Branches:
Dungeon (4/15)
 Temple: D:4-7

Altars:


Innate Abilities, Weirdness & Mutations

You are too large for most types of armour.
You have tough skin. (AC +1)


Message History

Your crimson imp barely misses something.
You bump into the rock wall.
Something completely misses you.
Your crimson imp misses something.
You closely miss something.
You hear some strange, mumbled words.
A magic dart appears from out of thin air!
The magic dart hits you!
* * * LOW HITPOINT WARNING * * *
Your crimson imp hits something but does no damage.
You bump into the rock wall.
You feel less confused. Something hits you but does no damage.
Your crimson imp closely misses something.
You miss something. Something hits you.
* * * LOW HITPOINT WARNING * * *
Your crimson imp closely misses something.
Casting: Blink (safe; 16% risk of failure)
Confirm with . or Enter, or press ? or * to list all spells.
You don't know that spell.
Casting: Blink (safe; 16% risk of failure)
Confirm with . or Enter, or press ? or * to list all spells.
You can't see any susceptible monsters within range! (Use Z to cast anyway.)
Casting: Blink (safe; 16% risk of failure)
Confirm with . or Enter, or press ? or * to list all spells.
Okay, then.
Casting: Blink (safe; 16% risk of failure)
Confirm with . or Enter, or press ? or * to list all spells.
The spell is extremely dangerous to miscast (41% risk of failure)!
Continue anyway?
Aiming: Mephitic Cloud (extremely dangerous; 41% risk of failure)
Press: ? - help, Shift-Dir - straight line You feel a surge of power!
That beam is likely to hit you.
Continue anyway?
The ball explodes into a vile cloud!
The stinking cloud engulfs something but does no damage.
The stinking cloud engulfs your crimson imp but does no damage.
The stinking cloud engulfs you but does no damage.
You are engulfed in noxious fumes.
You choke on the stench!
You are confused.
Something hits you.
You die...

#.... #
#.# #####
#.# #<#
#.# ##.#
#..# #5##
#○# #@#
#.# #)#
#.# #.#
#.# #.#
........#
####.####


You could see a friendly crimson imp (summoned).

Vanquished Creatures
  An ufetubus (D:4)
  3 orcs (D:4)
  3 bats (D:1)
  4 endoplasms
  5 goblins
  A hobgoblin (D:1)
  A quokka (D:2)
  A ball python (D:1)
  A rat (D:1)
20 creatures vanquished.

Vanquished Creatures (collateral kills)
  A worm (D:4)
  A dart slug (D:1)
  A goblin (D:1)
  A hobgoblin (D:4)
  2 bats (D:1)
  A frilled lizard (D:1)
  A kobold (D:1)
  A rat (D:1)
9 creatures vanquished.

Vanquished Creatures (others)
  5 toadstools (D:1)
5 creatures vanquished.

Grand Total: 34 creatures vanquished

Notes
Turn   | Place    | Note
-------+----------+-------------------------------------------
     0 | D:1      | Ignak the Ogre Hedge Wizard began the quest for the Orb.
     0 | D:1      | Reached XP level 1. HP: 16/16 MP: 5/5
   299 | D:1      | Reached skill level 1 in Conjurations
   299 | D:1      | Reached skill level 1 in Translocations
   306 | D:1      | Reached XP level 2. HP: 12/26 MP: 0/6
   348 | D:1      | Learned a level 2 spell: Blink
   351 | D:1      | Learned a level 2 spell: Call Imp
   543 | D:1      | Reached skill level 1 in Fighting
  1191 | D:2      | Reached XP level 3. HP: 22/33 MP: 5/8
  1219 | D:2      | Learned a level 3 spell: Mephitic Cloud
  1560 | D:2      | You fall into a shaft and drop 2 floors!
  1853 | D:4      | HP: 1/33 [something (4)]
  1854 | D:4      | Slain by an orc wizard

Illustrated notes

Levels and vault maps discovered:
D:1:      ldierk_walled_garden, layout_basic, nicolae_hexahallways
D:2:      layout_loops_corners
D:3:      layout_basic, lemuel_crystal_altar
D:4:      layout_loops_ring, serial_forest, infiniplex_forest_pool,
          infiniplex_forest_clump_C, infiniplex_forest_lined_ring,
          infiniplex_forest_clump_diagonal, infiniplex_forest_lined_1,
          infiniplex_forest_lined_2, uniq_grinder

Skill      XL: |  1  2 |
---------------+-------+-----
Conjurations   | 1 |  1.2
Translocations | 1 |  1.3
Dodging        | 2 |  2.1
Fighting       | 1 |  1.6
Maces & Flails | |  0.5
Armour         | |  0.5
Stealth        | |  1.4
Spellcasting   | |  3.8
Summonings     | |  0.8
Air Magic      | |  0.1
Poison Magic   | |  0.1

Action                     || total
---------------------------++-------
  Melee: Dagger            ||    13
         Club              ||    46
         Staff             ||    24
   Cast: Magic Dart        ||     5
         Call Imp          ||    20
         Blink             ||     3
         Mephitic Cloud    ||     1
  Evoke: Wand              ||     1
    Use: Scroll            ||     2
         Potion            ||     1
   Stab: Sleeping          ||     2
 Armour: Robe              ||    51
  Dodge: Dodged            ||    83

Table legend: (Time is in decaauts)
 A = Elapsed time spent in this place.
 B = Non-inter-level travel time spent in this place.
 C = Inter-level travel time spent in this place.
 D = Time resting spent in this place.
 E = Time spent auto-exploring this place.
 F = Levels seen in this place.
 G = Mean time per level.
                   A        B        C        D        E       F      G
               +--------+--------+--------+--------+--------+-----+--------+
         Total |   1874 |   1847 |     27 |    206 |   1165 |   4 |  468.5 |
       Dungeon |   1874 |   1847 |     27 |    206 |   1165 |   4 |  468.5 |
               +--------+--------+--------+--------+--------+-----+--------+

Top non-repeatable levels by time:
     D:1: 1084 daAuts
     D:2: 488 daAuts
     D:4: 291 daAuts
     D:3: 10 daAuts
